[Event "FIDE WCCC U12 2018"]
[Site "Santiago de Compostela"]
[Date "2018.11.12"]
[Round "8"]
[White "Ohanyan, Emin"]
[Black "Tham, Nam"]
[Result "1-0"]
[ECO "C28"]
[WhiteElo "1742"]
[BlackElo "1983"]
[Annotator "NA RC"]
[PlyCount "51"]
[EventDate "2018.11.04"]
[EventType "swiss"]
[EventCountry "ESP"]
[SourceTitle "playchess.com"]
[Source "ChessBase"]
[SourceQuality "1"]
[TimeControl "40/5400+30:1800+30"]

1. e4 e5 2. Nc3 Nf6 3. Bc4 Nc6 4. d3 Na5 5. Bb3 Nxb3 6. axb3 c6 {[%emt 0:00:22] C28: Vienna Game: 2...Nf6 3 Bc4 Nc6} (6... Bc5 7. h3 d6 8. Be3 Bxe3 9. fxe3 O-O 10. Qf3 Ne8 11. g4 Qh4+ 12. Kd2 g6 13. Nge2 c6 14. Raf1 {½-½ (61) Caruana,F (2822)-Aronian,L (2767) chess.com INT 2018}) 7. f4 d6 8. Nf3 Qc7 9. O-O Be7 10. Kh1 h6 11. Qe1 $146 ({Predecessor:} 11. fxe5 dxe5 12. Be3 a6 13. Qd2 Be6 14. Na4 Nd7 15. Qf2 c5 16. Nh4 g6 17. Nf3 Rc8 {½-½ (17) Meier,G (2113)-Bhend,E (2240) Vaduz 2003}) 11... O-O 12. f5 Kh8 13. Rg1 d5 {[%emt 0:03:32] [#]} (13... Kh7 $1 $14) 14. g4 $1 Bb4 $2 (14... dxe4 $16 15. dxe4 Ne8) 15. Qh4 Nh7 {[%emt 0:09:04] [#]} 16. f6 ({Weaker is} 16. exd5 f6 $16) (16. g5 $1 $18 g6 17. gxh6 (17. Qxh6 Rg8 $18)) 16... Nxf6 {[%emt 0:13:13] [#]} 17. Bxh6 $1 gxh6 $2 (17... Nh7 $16 {was called for.}) 18. Qxf6+ Kh7 19. Ng5+ ({But not} 19. exd5 $6 Be7 $18) 19... hxg5 $2 (19... Kg8 20. exd5 (20. Qxh6 f6 $18) 20... Qd6 21. Qxd6 Bxd6) 20. Rg3 Bxg4 21. Qxg5 ({Not} 21. Rxg4 Qe7 $18) 21... f5 22. Qh4+ Kg6 23. exf5+ $18 Kxf5 24. Qxg4+ Kf6 25. Rf1+ Ke7 26. Qxb4+ 1-0

[Event "FIDE WCCC U12 2018"]
[Site "Santiago de Compostela"]
[Date "2018.11.13"]
[Round "9"]
[White "Creanga, Robert-Ionut"]
[Black "Ohanyan, Emin"]
[Result "0-1"]
[ECO "E82"]
[WhiteElo "2066"]
[BlackElo "1742"]
[Annotator "NA RC"]
[PlyCount "70"]
[EventDate "2018.11.04"]
[EventType "swiss"]
[EventCountry "ESP"]
[SourceTitle "playchess.com"]
[Source "ChessBase"]
[SourceQuality "1"]
[TimeControl "40/5400+30:1800+30"]

1. d4 Nf6 2. c4 g6 3. f3 Bg7 4. e4 O-O 5. Nc3 d6 6. Be3 b6 7. Qd2 c5 8. Nge2 Nc6 9. d5 {[%emt 0:03:50] E82: Königsindisch (Sämisch-Angriff)} Na5 {[%emt 0:01:26] LiveBook: 6 Games} (9... Ne5 10. Ng3 e6 11. Be2 Re8 12. O-O exd5 13. cxd5 a6 14. a4 Rb8 15. Kh1 c4 16. Rab1 b5 17. axb5 axb5 18. b4 Bd7 19. Bd4 Ra8 20. f4 Neg4 21. h3 Nh6 22. e5 Nh5 23. Bxh5 gxh5 24. Nxh5 Qh4 25. Nxg7 {1-0 (25) Bocharov,D (2585)-Savitskiy,S (2412) Sochi 2017}) 10. Ng3 h5 11. Be2 $146 ({Vorgänger:} 11. Bd3 Ba6 12. b3 Re8 13. O-O e6 14. Rae1 e5 15. Bg5 Qd7 16. h3 Nh7 {½-½ (56) Janssens,T-Miscek,V Balatonkenese 1999}) 11... a6 12. O-O Rb8 13. Rab1 Qc7 14. b4 cxb4 15. Rxb4 Nd7 16. Na4 Nb7 17. Nxb6 Nbc5 18. Nxd7 Bxd7 19. Rfb1 Na4 20. Rxb8 Rxb8 21. Rxb8+ Qxb8 22. Bd1 Qb1 23. Kf2 Nb2 24. Bb3 $1 Ba4 25. Ke2 {[%emt 0:01:20] [#]} Bxb3 $1 26. axb3 {[%emt 0:00:01] [#]} Bc3 $1 27. Qxc3 Qd1+ 28. Kf2 Nd3+ 29. Qxd3 Qxd3 30. Ne2 Qxb3 31. c5 dxc5 32. Bxc5 Kf8 33. Nd4 Qc4 34. Ba7 a5 35. Nc6 a4 $19 0-1

[Event "FIDE WCCC U12 2018"]
[Site "Santiago de Compostela"]
[Date "2018.11.13"]
[Round "9"]
[White "Damjanovic, Vuk"]
[Black "Metzdorf, Matteo"]
[Result "1-0"]
[ECO "D58"]
[WhiteElo "2053"]
[BlackElo "1865"]
[Annotator "NA RC"]
[PlyCount "207"]
[EventDate "2018.11.04"]
[EventType "swiss"]
[EventCountry "ESP"]
[SourceTitle "playchess.com"]
[Source "ChessBase"]
[SourceQuality "1"]
[TimeControl "40/5400+30:1800+30"]

1. d4 e6 2. c4 Nf6 3. Nc3 d5 4. Bg5 Be7 5. e3 h6 6. Bh4 O-O 7. Nf3 b6 8. Bxf6 Bxf6 9. cxd5 exd5 10. Be2 Be6 {[%emt 0:02:30] LiveBook: 25 Games} 11. O-O {[%emt 0:02:28] D58: Queen's Gambit Declined: Tartakower Defence} Qe7 (11... c5 12. Rc1 Nc6 13. Na4 c4 14. b3 b5 15. Nc5 Be7 16. Nxe6 fxe6 17. bxc4 bxc4 18. Qa4 Qd6 {½-½ (38) Korobov,A (2705)-Hracek,Z (2628) Legnica 2013}) 12. Qa4 Rd8 13. Rac1 c5 14. dxc5 bxc5 15. Rfd1 Bxc3 $146 ({Predecessor:} 15... a6 16. Qa3 Qa7 17. Na4 c4 {½-½ (36) Rajlich,I (2425)-Mkrtchian,L (2240) Elista 1998}) 16. Rxc3 Nd7 17. Bb5 Nb6 18. Qf4 c4 19. Nd4 Qd6 20. Qxd6 Rxd6 21. Ne2 Rad8 ({Black should play} 21... Rb8 $11) 22. Ra3 Bd7 23. Nc3 Ra8 24. Ra6 (24. Bxd7 $16 Rxd7 25. Ra5) 24... Bc8 25. Ra5 Bb7 (25... a6 $11 {keeps the balance.} 26. Ba4 Nxa4 27. Nxa4 (27. Rxa4 Rb6 $11) 27... Be6) 26. Ba4 a6 27. Rd4 Rc8 (27... Nxa4 $14 28. Nxa4 Rg6) 28. Bd1 Rcd8 29. Bf3 Kf8 30. Rc5 Rc6 31. Ra5 Rcd6 32. g3 Ke7 33. Kg2 f5 34. Rc5 Rc6 35. Nxd5+ Rxd5 36. Rcxd5 Nxd5 37. Bxd5 Rb6 38. Bxb7 Rxb7 39. Rd2 ({Better is} 39. Rxc4 $18 Rxb2 40. a3) 39... Ke6 40. Kf3 Ke5 41. Ke2 g5 42. f3 Rb6 43. Kd1 f4 (43... h5 $16 {is a better defense.} 44. f4+ gxf4) 44. gxf4+ gxf4 {[%emt 0:00:09] [#]} 45. e4 $1 Rb5 46. Kc2 Ra5 47. Kc3 Rxa2 {[%emt 0:01:10] [#]} 48. Rd5+ $1 ({Much less strong is} 48. Kxc4 $6 Ke6 $16) 48... Ke6 49. Rh5 Ra1 50. Rxh6+ Ke5 51. Rh5+ ({Not} 51. Kxc4 Rc1+ 52. Kd3 Rd1+ 53. Kc2 Rf1 $16) 51... Ke6 {[%emt 0:02:07] [#]} 52. Rf5 $1 Rc1+ 53. Kd2 Rh1 54. Rxf4 Rxh2+ 55. Kc3 Re2 56. Rf5 Ke7 57. Re5+ Kd6 58. Ra5 Re3+ 59. Kxc4 Rxf3 60. Kd4 $2 (60. Rxa6+ $18 Ke5 61. Ra8) 60... Rb3 61. Rxa6+ Ke7 62. Ra2 Rb4+ 63. Kd5 Rb5+ 64. Kc4 Re5 65. Ra7+ Kd6 66. Ra6+ Ke7 67. Kd4 Rb5 68. Kc3 Rc5+ 69. Kb3 Rb5+ 70. Ka3 Re5 71. Ra4 Kd6 72. Rc4 Ra5+ 73. Kb4 Ra8 74. b3 Ke5 75. Kc3 Rh8 76. Kb2 Rh2+ 77. Ka3 Rh8 78. b4 Ra8+ 79. Kb3 Rb8 80. Ka4 Kd6 81. b5 Ra8+ 82. Kb4 Ke5 83. b6 Kd6 84. Kb5 Kd7 85. Rd4+ Kc8 86. Kc6 Ra6 87. e5 Ra7 88. Rd8+ Kxd8 89. bxa7 Ke7 90. a8=Q Ke6 91. Qe8+ Kf5 92. e6 Kf4 93. Qd7 Kf3 94. e7 Kf4 95. e8=N Kf3 96. Qe6 Kf4 97. Nd6 Kf3 98. Qe4+ Kf2 99. Nc4 Kg3 100. Qf5 Kh2 101. Qg4 Kh1 102. Nd2 Kh2 103. Nf3+ Kh1 104. Qg1# 1-0

[Event "FIDE WCCC U12 2018"]
[Site "Santiago de Compostela"]
[Date "2018.11.13"]
[Round "9"]
[White "Xu, Arthur"]
[Black "Zhakshylykov, Erzhan"]
[Result "1-0"]
[ECO "B54"]
[WhiteElo "2034"]
[BlackElo "1526"]
[Annotator "NA RC"]
[PlyCount "67"]
[EventDate "2018.11.04"]
[EventType "swiss"]
[EventCountry "ESP"]
[SourceTitle "playchess.com"]
[Source "ChessBase"]
[SourceQuality "1"]
[TimeControl "40/5400+30:1800+30"]

1. e4 c5 2. Nf3 d6 3. d4 cxd4 4. Nxd4 Nf6 5. f3 g6 6. c4 Bg7 7. Nc3 Nc6 8. Be3 Bd7 9. Be2 O-O 10. O-O Ne5 11. Qd2 Rc8 12. b3 a6 13. Rac1 Re8 {[%emt 0:10:40] LiveBook: 9 Games} 14. Rfd1 {[%emt 0:06:37] B38: Sicilian: Maroczy Bind with 5...Bg7 and 7...0-0} (14. Rc2 Nc6 15. Rb1 Nb4 16. Rcc1 Nh5 17. Bf1 Nc6 18. Nde2 f5 19. Nd5 fxe4 20. Bb6 exf3 21. gxf3 Rc7 22. Bxc7 {1-0 (39) Dudukin,I (2396)-Zaremba,A (2348) chess.com INT 2017}) 14... Qa5 15. Kh1 h5 16. h3 $146 ({Predecessor:} 16. Rc2 Bc6 17. Nd5 Qxd2 18. Rdxd2 Nxd5 19. exd5 Bd7 20. h3 f5 21. b4 e6 22. dxe6 Bxe6 23. Nxe6 Rxe6 {1-0 (54) Creteanu,G (1745)-Valeanu,E (1835) Sovata 2001}) 16... Rb8 17. Rc2 Rec8 18. Rdc1 Qb4 (18... Nc6 $14) 19. Bg5 Nc6 20. Bxf6 exf6 21. Nd5 Qxd2 22. Rxd2 Re8 23. Nb6 Be6 24. Nxe6 Bh6 25. Rcd1 Bxd2 26. Nc7 Bf4 27. Nxe8 Rxe8 28. Nd5 Be5 29. f4 Bb2 {[%emt 0:05:56] [#]} 30. Rd2 $1 Ba1 31. e5 Rd8 32. exd6 Kf8 33. c5 Bd4 34. b4 $18 1-0

[Event "FIDE WCCC U12 2018"]
[Site "Santiago de Compostela"]
[Date "2018.11.13"]
[Round "9"]
[White "Nathan, Krishna"]
[Black "Yu, Jason"]
[Result "1-0"]
[ECO "C45"]
[WhiteElo "1895"]
[BlackElo "2097"]
[Annotator "NA RC"]
[PlyCount "103"]
[EventDate "2018.11.04"]
[EventType "swiss"]
[EventCountry "ESP"]
[SourceTitle "playchess.com"]
[Source "ChessBase"]
[SourceQuality "1"]
[TimeControl "40/5400+30:1800+30"]

1. e4 e5 2. Nf3 Nc6 3. d4 exd4 4. Nxd4 Bc5 5. Nb3 Bb6 6. Nc3 Nf6 7. Bg5 h6 8. Bh4 g5 {[%emt 0:10:47] LiveBook: 4 Games C45: Scotch Game} 9. Bg3 Qe7 10. f3 d6 11. Bb5 (11. Qd2 Bd7 12. h4 Rg8 13. O-O-O O-O-O 14. hxg5 hxg5 15. Rh6 Be6 16. Bb5 Bxb3 17. axb3 {1-0 (41) Navara,D (2726)-Malakhov,V (2691) Antalya 2017}) 11... Bd7 12. Qd2 a6 13. Bxc6 Bxc6 14. O-O-O O-O-O 15. Rhe1 $146 ({Predecessor:} 15. Bf2 Nd7 16. Nd4 Bxd4 17. Bxd4 {0-1 (45) Warr Esser,A (1883)-Den Dunnen,L (1890) Murmansk 2016}) 15... Rhe8 16. Bf2 Bxf2 17. Qxf2 Kb8 18. Na5 Bd7 19. g3 b6 20. Nc4 Bc8 21. Ne2 Bb7 22. Nd4 g4 23. e5 Nd5 24. exd6 Qf6 25. dxc7+ Nxc7 26. Rxe8 Rxe8 27. f4 Ka7 $2 {[%emt 0:00:46] [#]} (27... b5 {ist wohl besser.}) 28. Qg1 ({White should try} 28. Nf5 $1 $18 Bd5 (28... Qxf5 29. Qxb6+) 29. Nfd6 Bxc4 30. Nxc4 (30. Nxe8 Nxe8 31. Rd7+ Kb8 $14)) 28... Rc8 (28... Nd5 $16 {was called for.} 29. c3 h5) 29. Ne5 Nb5 30. Nxb5+ ({Much less strong is} 30. Nxg4 $6 Nxd4 31. Nxf6 Ne2+ 32. Kd2 Nxg1 $18) 30... axb5 31. Qe3 (31. Nxg4 Qe6 $14) 31... Qe6 $2 (31... b4 32. Qb3 Qe7 33. Qxf7 Qc5) 32. Qa3+ Kb8 33. Nd7+ Kc7 {[%emt 0:00:02] [#]} 34. Qc3+ $2 (34. f5 $1 Qxd7 (34... Qxf5 35. Qd6+) 35. Rxd7+ Kxd7 36. Qd3+ Ke7 37. Qxb5) 34... Bc6 35. Ne5 Kb7 36. Qb3 Qxb3 37. axb3 Be4 (37... f5 $142 38. Rd6 Be4) 38. c3 f5 39. Nf7 Kc7 40. Nd6 Rh8 41. Nxb5+ Kc6 42. c4 Kc5 43. Nc3 Bf3 44. Re1 Ra8 45. Re5+ Kc6 46. Kb1 Rf8 47. b4 Rd8 48. Kc2 Ra8 49. Rxf5 Ra1 50. Rf6+ Kb7 51. Rxh6 Rg1 52. f5 $18 1-0

[Event "FIDE WCCC U12 2018"]
[Site "Santiago de Compostela"]
[Date "2018.11.13"]
[Round "9"]
[White "Suleymanli, Suleyman"]
[Black "Razafindratsima, Timothe"]
[Result "0-1"]
[ECO "D86"]
[WhiteElo "1882"]
[BlackElo "2092"]
[Annotator "NA RC"]
[PlyCount "152"]
[EventDate "2018.11.04"]
[EventType "swiss"]
[EventCountry "ESP"]
[SourceTitle "playchess.com"]
[Source "ChessBase"]
[SourceQuality "1"]
[TimeControl "40/5400+30:1800+30"]

1. d4 Nf6 2. c4 g6 3. Nc3 d5 4. cxd5 Nxd5 5. e4 Nxc3 6. bxc3 Bg7 7. Bc4 O-O 8. Ne2 Nc6 9. O-O b6 10. Be3 Na5 11. Bd3 c5 {[%emt 0:01:48] LiveBook: 300 Games} 12. dxc5 {[%emt 0:07:32] D87: Grünfeldindisch (Abtauschvariante, Botwinnik-Variante)} (12. Rc1 e5 13. dxc5 Be6 14. c4 bxc5 15. Bxc5 Bh6 16. Rc3 Re8 17. Qc2 Qc7 18. Ba3 Rab8 19. h3 Red8 20. Bc1 {1-0 (70) Aronian,L (2764)-Mamedyarov,S (2808) Stavanger 2018}) 12... Qc7 13. cxb6 axb6 14. Bd4 (14. Nd4 $11) 14... e5 15. Be3 Nc4 $146 ({Vorgänger:} 15... Be6 16. Rb1 Nc4 17. Bxc4 Bxc4 18. Bxb6 Qc6 19. f3 Rfb8 {0-1 (33) Santos,C (2112)-Von Buelow,G (2390) Rio de Janeiro 2008}) 16. Qc1 Be6 17. a3 Rfd8 18. Bxc4 Qxc4 19. Qc2 b5 20. Rfe1 Bf8 21. Bg5 Rdc8 22. Bf6 Qc5 23. Qb2 Bc4 24. Ng3 Rc6 25. Bg5 Rca6 26. Be3 Qc6 27. Red1 Bxa3 28. Qd2 Be7 29. Rxa6 Qxa6 30. Bh6 Qb6 31. h3 f6 32. Qd7 {[%emt 0:02:28] [#]} Kf7 $1 33. Nf5 gxf5 34. Qxf5 Qe6 35. Qxh7+ Ke8 36. Qg6+ Qf7 37. Qg4 Be6 38. Qe2 Rb8 39. g4 Qg6 40. Bc1 Kf7 41. f4 exf4 42. Bxf4 Rh8 43. Kg2 Rc8 44. Qf3 Rc4 45. Rd4 Ra4 46. Kg3 Ra2 47. Qd3 Rb2 48. Bd6 $2 (48. Qf3) 48... Qg5 49. Bf4 Qg8 50. Bd6 $2 {[%emt 0:03:41] [#]} (50. Qf3) 50... Rb3 $2 (50... Bxg4 $1 $19 {[%mdl 512] has better winning chances.} 51. hxg4 Qh8) 51. e5 f5 52. Rf4 $2 (52. Bxe7 $15 Kxe7 53. Qe3) 52... Qc8 53. Rf3 {[%emt 0:00:27] [#]} b4 $1 54. gxf5 $2 (54. Bxb4 Bxb4 55. gxf5) 54... Qg8+ 55. Kf2 Bh4+ 56. Kf1 Rb1+ 57. Qxb1 Bc4+ 58. Rd3 Qg5 59. Qd1 $2 (59. e6+ $11 Ke8 60. f6 Qxf6+ 61. Kg2 Qg6+ 62. Kh2 Qxd3 63. Qxd3 Bxd3 64. cxb4) 59... Qxf5+ 60. Kg1 Bxd3 61. Qg4 Qxg4+ 62. hxg4 bxc3 63. Bb4 Be1 64. Bxc3 Bxc3 65. Kf2 Bxe5 66. Ke3 Bg6 67. g5 Ke6 68. Kf3 Kf5 69. Ke3 Kxg5 70. Kf3 Bd4 71. Kg3 Be4 72. Kh3 Kf4 73. Kh4 Bg6 74. Kh3 Kf3 75. Kh2 Bf5 76. Kh1 Kf2 0-1

[Event "FIDE WCCC U12 2018"]
[Site "Santiago de Compostela"]
[Date "2018.11.13"]
[Round "9"]
[White "Ermachenko, Manuel"]
[Black "Mekhane, Adam"]
[Result "0-1"]
[ECO "C75"]
[WhiteElo "1862"]
[BlackElo "2065"]
[Annotator "NA RC"]
[PlyCount "94"]
[EventDate "2018.11.04"]
[EventType "swiss"]
[EventCountry "ESP"]
[SourceTitle "playchess.com"]
[Source "ChessBase"]
[SourceQuality "1"]
[TimeControl "40/5400+30:1800+30"]

1. e4 e5 2. Nf3 Nc6 3. Bb5 a6 4. Ba4 d6 5. c3 Bd7 6. O-O g6 7. d3 Bg7 {LiveBook: 5 Games} 8. Nbd2 {C72: Ruy Lopez: Deferred Steinitz: 5 0-0} Nge7 9. b4 O-O (9... b5 $5 10. Bc2 a5 $11) 10. Bb3 h6 $146 ({Predecessor:} 10... Kh8 11. Bb2 Ng8 12. d4 f5 13. d5 Nce7 14. c4 f4 15. c5 h6 {0-1 (40) Pabalan,R (2136)-Sharif,M (2425) Sharjah 2016}) 11. Re1 Kh7 12. Bb2 f5 13. h3 f4 14. a3 g5 15. Nh2 Qe8 16. Rc1 Qg6 17. f3 h5 18. Qe2 Ng8 19. Qf2 Nh6 20. Bd1 Bf6 21. d4 Rg8 22. Kf1 Rg7 23. Ke2 Ne7 24. Kd3 Nd5 25. Nhf1 exd4 (25... Nb6 $17 26. Bb3 g4 27. hxg4 hxg4) 26. cxd4 Bb5+ 27. Nc4 $2 (27. Kc2 $11 {and White is okay.}) 27... Nb6 28. a4 Bxc4+ 29. Rxc4 Nxc4 30. Kxc4 Qf7+ 31. Kd3 {[#]} b5 ({Better is} 31... c5 $1 $19 32. bxc5 dxc5) 32. Qc2 Qd7 33. a5 Rc8 34. Ke2 Kh8 35. Qd3 (35. Qd2 $17) 35... g4 36. Bc2 $2 (36. hxg4 hxg4 37. Nd2 gxf3+ 38. Qxf3) 36... gxh3 37. gxh3 Re8 38. Kd1 Qxh3 39. Nd2 {[#]} Nf7 (39... Nf5 $142 $1 40. Bc3 (40. exf5 Rxe1+) 40... Bh4) 40. e5 Bh4 41. e6 $2 (41. Rf1) 41... Rxe6 42. Rf1 d5 43. Qc3 Nd6 44. Qc6 Nc4 45. Qa8+ Rg8 46. Qxd5 {[#]} Qxf1+ $1 47. Nxf1 Re1# 0-1

[Event "FIDE WCCC U12 2018"]
[Site "Santiago de Compostela"]
[Date "2018.11.13"]
[Round "9"]
[White "Sethuraman, Sandeep"]
[Black "Silich, Yahor"]
[Result "1-0"]
[ECO "A53"]
[WhiteElo "1837"]
[BlackElo "2058"]
[Annotator "NA RC"]
[PlyCount "99"]
[EventDate "2018.11.04"]
[EventType "swiss"]
[EventCountry "ESP"]
[SourceTitle "playchess.com"]
[Source "ChessBase"]
[SourceQuality "1"]
[TimeControl "40/5400+30:1800+30"]

1. d4 Nf6 2. c4 d6 3. Nc3 Nbd7 4. Nf3 g6 {[%emt 0:00:07] LiveBook: 482 Games} 5. Bf4 Bg7 6. e3 {[%emt 0:00:08] E61: King's Indian: Early deviations for White, including Smyslov System} (6. h3 O-O 7. e3 a6 8. Be2 c6 9. O-O b5 10. Rc1 bxc4 11. Bxc4 Nb6 12. Be2 Nbd5 13. Nxd5 Nxd5 14. Bh2 Qb6 15. e4 Nc7 16. e5 d5 17. Qc2 Bd7 18. Bf4 {½-½ (71) Papaioannou,I (2597)-Nikolaidis,I (2557) Achaea 2012}) 6... Nh5 7. Bg5 h6 8. Bh4 g5 9. Nd2 Ndf6 10. Be2 gxh4 11. Bxh5 c6 $146 ({Predecessor:} 11... Nxh5 12. Qxh5 e5 13. dxe5 Bxe5 {0-1 (31) Barle,J (2400)-Sebenik,M (2465) Ljubljana 2007}) 12. Bf3 Be6 13. d5 Bd7 14. Qb3 Qb6 15. Qxb6 axb6 16. h3 O-O 17. O-O Rfc8 18. a3 Nh7 19. Rfc1 Nf8 20. Be4 Ng6 21. Rc2 e5 (21... f5 $11 22. Bf3 f4) 22. dxc6 bxc6 23. Bxg6 fxg6 24. Nde4 d5 25. cxd5 cxd5 26. Rd2 d4 27. Nd5 Rd8 28. Nxb6 Rab8 29. Nxd7 Rxd7 30. b4 Ra7 31. Raa2 Rb6 32. Nc5 Kf7 33. e4 (33. Kf1 $18) 33... Bf8 34. Nd3 Bd6 35. Rdb2 Ra4 36. Rb3 Ke6 {[%emt 0:00:21] [#]} 37. Nb2 $1 Ra8 38. b5 Rb7 39. a4 Rba7 (39... Rab8 $142 40. Nc4 Rc8) 40. b6 Rb7 41. a5 Bc5 42. Nd3 Bd6 43. a6 Kd7 44. Nc5+ Bxc5 45. axb7 Rb8 46. Ra8 Rxb7 47. Rg8 Rxb6 48. Rg7+ Ke8 49. Rxb6 Bxb6 50. Rxg6 $18 1-0

[Event "FIDE WCCC U12 2018"]
[Site "Santiago de Compostela"]
[Date "2018.11.13"]
[Round "9"]
[White "Yavuz, Efe Metehan"]
[Black "Tian, Eddy"]
[Result "1-0"]
[ECO "B49"]
[WhiteElo "1828"]
[BlackElo "2151"]
[Annotator "ChessBase"]
[PlyCount "86"]
[EventDate "2018.11.04"]
[EventType "swiss"]
[EventCountry "ESP"]
[SourceTitle "playchess.com"]
[Source "ChessBase"]
[SourceQuality "1"]
[TimeControl "40/5400+30:1800+30"]

1. e4 c5 2. Nf3 e6 3. d4 cxd4 4. Nxd4 Nc6 5. Nc3 Qc7 6. Be3 a6 7. Be2 Nf6 8. O-O Be7 9. Qd2 O-O 10. Kh1 d6 11. f4 Rd8 12. Bf3 Na5 13. b3 Bd7 14. Nce2 e5 15. c4 exd4 16. Bxd4 Nc6 17. Bb2 Rac8 18. Nc3 Re8 19. h3 h5 20. g4 h4 21. Rg1 Qa5 22. a3 Qb6 23. b4 Be6 24. g5 Nd7 25. c5 dxc5 26. f5 Bc4 27. f6 Nde5 28. Bh5 g6 29. fxe7 gxh5 30. g6 f6 31. Qh6 Rxe7 32. g7 Nf7 33. Qxf6 cxb4 34. Nd5 Bxd5 35. exd5 Qe3 36. Kh2 Qd2+ 37. Rg2 Qxd5 38. Kh1 Rce8 39. Rag1 bxa3 40. Bxa3 Re3 41. Rf1 Rxa3 42. Rf4 Rxh3+ 43. Kg1 Rg3 1-0

[Event "FIDE WCCC U12 2018"]
[Site "Santiago de Compostela"]
[Date "2018.11.13"]
[Round "9"]
[White "Del Prado Rodriguez, Xulio"]
[Black "Samadov, Read"]
[Result "0-1"]
[ECO "A13"]
[WhiteElo "1734"]
[BlackElo "2029"]
[Annotator "NA RC"]
[PlyCount "92"]
[EventDate "2018.11.04"]
[EventType "swiss"]
[EventCountry "ESP"]
[SourceTitle "playchess.com"]
[Source "ChessBase"]
[SourceQuality "1"]
[TimeControl "40/5400+30:1800+30"]

1. Nf3 e6 2. c4 d5 3. d4 Nf6 4. g3 dxc4 5. Qa4+ c6 6. Qxc4 b5 7. Qc2 Bb7 8. Bg2 Nbd7 9. O-O c5 10. dxc5 Bxc5 {[%emt 0:01:12] LiveBook: 42 Games} 11. Bg5 {[%emt 0:04:54] D30: Queen's Gambit Declined: Systems without Nc3} Rc8 12. Qb3 b4 $146 ({Predecessor:} 12... a6 13. a4 b4 14. Nbd2 {1-0 (32) Lalith,B (2587)-Zhigalko,S (2671) Doha 2016}) 13. Nfd2 Bxg2 14. Kxg2 Qc7 15. Nf3 O-O 16. Nbd2 a5 17. a3 bxa3 18. bxa3 Qa7 19. a4 Bb4 20. Rac1 Nc5 ({Don't play} 20... Rxc1 $6 21. Rxc1 Qa8 22. Rc7 $15) 21. Qa2 {[%emt 0:00:16] [#]} Nd5 $1 22. Qa1 (22. Rc4 $17 {was necessary.}) 22... Qd7 23. Nc4 Qxa4 24. Qxa4 Nxa4 25. Ra1 Rxc4 26. Rxa4 Nc3 27. Raa1 Nxe2 28. Bd2 Nc3 29. Ne5 Rc7 30. Nd3 Rd8 31. Nxb4 axb4 32. Bxc3 bxc3 33. Rfc1 c2 34. Ra2 Rdc8 35. Kf3 f6 36. Ke2 Kf7 37. Kd2 Kg6 38. Raxc2 Rxc2+ 39. Rxc2 Rxc2+ 40. Kxc2 Kf5 41. f3 Ke5 42. Kd3 Kd5 43. Ke3 e5 44. Kd3 $19 f5 45. Ke3 e4 46. fxe4+ fxe4 0-1

[Event "FIDE WCCC U12 2018"]
[Site "Santiago de Compostela"]
[Date "2018.11.14"]
[Round "10"]
[White "Razafindratsima, Timothe"]
[Black "Chen, Max"]
[Result "1-0"]
[ECO "B06"]
[WhiteElo "2092"]
[BlackElo "1910"]
[Annotator "NA RC"]
[PlyCount "117"]
[EventDate "2018.11.04"]
[EventType "swiss"]
[EventCountry "ESP"]
[SourceTitle "playchess.com"]
[Source "ChessBase"]
[SourceQuality "1"]
[TimeControl "40/5400+30:1800+30"]

1. e4 g6 2. d4 Bg7 3. Nc3 c6 4. Nf3 d5 5. h3 Nf6 6. e5 Ne4 7. Nxe4 dxe4 8. Ng5 c5 {[%emt 0:00:47] LiveBook: 255 Partien} 9. dxc5 Qa5+ 10. c3 {[%emt 0:00:07] B15: Caro-Kann: 3 Nc3: 3...g6 and 3...dxe4 4 Nxe4 Nf6 5 Nxf6+ exf6} Qxc5 11. Qd4 $146 ({Predecessor:} 11. Be3 Qxe5 12. Bc4 e6 13. Qc2 Bd7 14. Qxe4 Bc6 15. Qxe5 Bxe5 16. O-O Nd7 17. Rad1 Ke7 {½-½ (29) Bures,J (2485)-Banet,J (2487) ICCF email 2010}) 11... Qxe5 12. Qc4 Be6 $1 13. Nxe6 Qxe6 14. Qxe6 fxe6 15. Bc4 Kf7 16. Bf4 Nd7 17. O-O-O Nc5 18. Be3 Rac8 19. Rhe1 Nd3+ 20. Bxd3 exd3 21. Rxd3 Rhd8 22. Red1 Rxd3 23. Rxd3 a6 24. Rd7 b5 25. Kd2 Rc6 26. Rb7 e5 27. Kd3 Ke6 28. f3 Bf6 29. Rb6 Rd6+ 30. Ke4 Kd7 31. b3 Kc7 32. Rxd6 exd6 33. Kd5 Kd7 34. c4 bxc4 35. bxc4 Be7 36. c5 dxc5 37. Bxc5 ({Schlechter ist} 37. Kxe5 Kc6 $11) 37... Bf6 38. Bd6 Bh4 39. Bxe5 Bf2 40. f4 Bg3 $2 {[%emt 0:00:00] [#]} (40... h5 {is more resistant.} 41. g4 Ke7) 41. f5 $1 Be1 42. f6 Bb4 43. Bd4 h5 44. Bc5 Bxc5 45. Kxc5 Ke6 46. Kb6 Kxf6 47. Kxa6 Kf5 48. Kb6 Kf4 49. a4 Kg3 50. a5 Kxg2 51. a6 Kxh3 52. a7 g5 53. a8=Q Kh4 54. Kc5 g4 55. Kd4 Kg3 56. Qh1 h4 57. Ke3 (57. Ke4 $142 h3 58. Qg1+ Kh4 59. Kf5 g3 60. Qd4+ Kh5 61. Qh8#) 57... h3 58. Qg1+ Kh4 59. Ke4 1-0

[Event "FIDE WCCC U12 2018"]
[Site "Santiago de Compostela"]
[Date "2018.11.14"]
[Round "10"]
[White "Mekhane, Adam"]
[Black "Amilal Munkhdalai"]
[Result "0-1"]
[ECO "B90"]
[WhiteElo "2065"]
[BlackElo "1864"]
[Annotator "NA RC"]
[PlyCount "72"]
[EventDate "2018.11.04"]
[EventType "swiss"]
[EventCountry "ESP"]
[SourceTitle "playchess.com"]
[Source "ChessBase"]
[SourceQuality "1"]
[TimeControl "40/5400+30:1800+30"]

1. e4 c5 2. Nf3 d6 3. d4 cxd4 4. Nxd4 Nf6 5. Nc3 a6 6. Bc4 e6 7. Bb3 Nbd7 8. f4 Nc5 9. e5 dxe5 {[%emt 0:05:23] B86: Sizilianisch (Sosin-Angriff)} (9... Nfd7 10. Be3 dxe5 11. fxe5 Be7 12. Nf3 b5 13. Qe2 Bb7 14. O-O O-O 15. Rad1 Qc7 16. Bf4 Rad8 17. a3 Nxb3 18. cxb3 {0-1 (62) Kevlishvili,R (2502)-Ivic,V (2432) Ankara 2018}) 10. fxe5 Nxb3 11. axb3 Nd7 12. Bf4 {[%emt 0:05:05] LiveBook: 3 Games} Bc5 {[%emt 0:02:44] [#]} 13. Ne4 $1 O-O 14. Nxc5 Nxc5 15. b4 Nd7 16. Qg4 Kh8 $146 ({Vorgänger:} 16... f5 $11 17. Qf3 (17. Qg3 {1-0 (36) Dauletova,G (2253)-Sahl,S (2219) Dresden 2008}) 17... Nb6) 17. O-O Qe7 18. c3 f5 19. Qg3 Nb6 20. Nb5 axb5 21. Be3 Rxa1 22. Rxa1 Qc7 23. Bc5 Re8 24. Rd1 Nd5 25. Rd4 b6 26. Rh4 Qf7 27. Bd6 Bb7 28. b3 Ra8 29. c4 Ra1+ 30. Kf2 Ra2+ 31. Ke1 Ne7 32. Qh3 h6 33. Bxe7 Qxe7 34. Rxh6+ gxh6 35. Qxh6+ Kg8 36. Qg6+ $19 Kf8 0-1